 Dungeon Sprint DCSS version 0.14-a0-519-g334afa2 (webtiles) character file.

8200000 MDvedh the Ninja (level 21, -8/133 HPs)
             Began as a Spriggan Assassin on Nov 2, 2013.
             Was the Champion of Makhleb.
             Mangled by a meat berserker
             ... wielding a +9,+9 battleaxe
              (45 damage)
             ... in the Dungeon (Sprint VIII: "Arena of Blood").
             The game lasted 00:02:42 (82 turns).

MDvedh the Ninja (Spriggan Assassin)                  Turns: 82, Time: 00:02:42

HP  -8/133       AC  6     Str  7      XL: 21   Next: 43%
MP  14/48        EV 45     Int 14      God: Makhleb [******]
Gold 0           SH  0     Dex 26      Spells:  0 memorised, 74 levels left

Res.Fire  : . . .   See Invis. : +   n - +∞ Axe of Woe
Res.Cold  : . . .   Warding    : .   c - +0 robe
Life Prot.: . . .   Conserve   : .   (shield restricted)
Res.Poison: .       Res.Corr.  : .   (helmet restricted)
Res.Elec. : .       Clarity    : .   d - +0 cloak
Sust.Abil.: . .     Spirit.Shd : .   (gloves unavailable)
Res.Mut.  : .       Prev.Telep.: +   (boots unavailable)
Res.Rott. : .       Flight     : .   (no amulet)
Saprovore : . . .                    (no ring)
                                     (no ring)

@: very quick, extremely resistant to hostile enchantments, uncannily stealthy
A: unfitting armour, see invisible, herbivore 3, speed 3, slow metabolism 2
a: Minor Destruction, Lesser Servant of Makhleb, Major Destruction, Greater
Servant of Makhleb, Renounce Religion


You were in the Dungeon.
You worshipped Makhleb.
Makhleb was exalted by your worship.
You were not hungry.

You visited 1 branch

Inventory:

Hand weapons
 a - a +2,+2 dagger
 b - a +0 blowgun
 n - the +∞,+∞ Axe of Woe (weapon)
   (You found it in the Dungeon)
Missiles
 e - 8 poisoned needles
 f - 2 curare-tipped needles
Armour
 c - a +0 robe (worn)
 d - a +0 cloak (worn)
Jewellery
 m - an uncursed ring of see invisible
Potions
 g - a potion of porridge
 h - a potion of curing
 i - a potion of heal wounds
 j - a potion of speed
 k - 2 potions of magic
 l - a potion of berserk rage


   Skills:
 + Level 24.9 Fighting
 O Level 27 Short Blades
 O Level 27 Axes
 O Level 27 Throwing
 + Level 23.2 Armour
 O Level 27 Dodging
 O Level 27 Stealth
 + Level 24.9 Unarmed Combat
 O Level 27 Spellcasting


You had 74 spell levels left.
You didn't know any spells.

Dungeon Overview and Level Annotations

Branches:
Dungeon (1/1)

Altars:
Makhleb

Annotations:
D The Servant


Innate Abilities, Weirdness & Mutations

You are tiny and cannot use many weapons and most armour.
You have supernaturally acute eyesight.
You are a herbivore.
You cover ground extremely quickly.
You need consume almost no food.


Message History

You hear a shout!
The dread throws hellfire at you.
The hellfire explodes!
The blast of hellfire engulfs you!
You hear a shout!
The accursed casts a spell at you. Something smites you!
You hear a shout!
The meat berserker rages.
You hear a shout!
Unknown command.
You hear a shout!
Unknown command.
You hear a shout!
The accursed gestures at you while chanting.
Something smites you!
* * * LOW HITPOINT WARNING * * *
You hear a shout!
You hear a shout!
The meat berserker hits you with a +9,+9 battleaxe!
You die...

. .................#...#
.
................#....#...
...........).##.....#..o.
...#.....).)#......#....#
..........)#W..###....#
##.#.....)..)).....#...z
.....%....))..)).........
#....#....O####.........#
..........M@.#.......###
...........C.).....####
#..........)....####
#################


You could see an accursed, a large bag of meat (inner flame) and a meat
berserker (berserk).

Vanquished Creatures
  A hell beast (D)
  2 hill giants (D)
  18 ogres (D)
  18 orcs (D)
  2 skeletal warriors (D)
  2 vampire knights (D)
  2 small abominations (D)
  2 crawling corpses (D)
47 creatures vanquished.

Vanquished Creatures (others)
  A crawling corpse (D)
1 creature vanquished.

Grand Total: 48 creatures vanquished

Notes
Turn   | Place    | Note
--------------------------------------------------------------
     0 | D        | MDvedh, the Spriggan Assassin, began the quest for the Orb.
     0 | D        | Reached XP level 1. HP: 10/10 MP: 1/1
     3 | D        | Noticed a bag of meat
     4 | D        | Became a worshipper of Makhleb the Destroyer
     5 | D        | Noticed a bag of meat
     6 | D        | Noticed a bag of meat
     6 | D        | Noticed a bag of meat
     6 | D        | Noticed a bag of meat
    10 | D        | Killed a bag of meat
    10 | D        | Reached skill level 7 in Fighting
    10 | D        | Reached skill level 10 in Short Blades
    10 | D        | Reached skill level 10 in Axes
    10 | D        | Reached skill level 10 in Throwing
    10 | D        | Reached skill level 12 in Dodging
    10 | D        | Reached skill level 14 in Stealth
    10 | D        | Reached skill level 10 in Spellcasting
    10 | D        | Reached XP level 2. HP: 15/15 MP: 0/8
    10 | D        | Reached XP level 3. HP: 19/19 MP: 0/13
    10 | D        | Reached XP level 4. HP: 24/24 MP: 0/17
    10 | D        | Reached XP level 5. HP: 28/28 MP: 0/20
    10 | D        | Reached XP level 6. HP: 33/33 MP: 0/23
    10 | D        | Reached XP level 7. HP: 37/37 MP: 0/25
    10 | D        | Reached XP level 8. HP: 42/42 MP: 0/27
    10 | D        | Reached XP level 9. HP: 46/46 MP: 0/28
    10 | D        | Reached XP level 10. HP: 51/51 MP: 0/30
    10 | D        | Reached XP level 11. HP: 56/56 MP: 0/31
    11 | D        | Noticed a bag of meat
    11 | D        | Killed a bag of meat
    11 | D        | Acquired Makhleb's first power
    11 | D        | Reached skill level 16 in Stealth
    11 | D        | Reached XP level 12. HP: 60/62 MP: 0/33
    12 | D        | Noticed a meat berserker
    12 | D        | Noticed a meat berserker
    12 | D        | Killed a bag of meat
    12 | D        | Reached skill level 10 in Fighting
    12 | D        | Reached skill level 15 in Dodging
    12 | D        | Reached skill level 17 in Stealth
    12 | D        | Reached XP level 13. HP: 63/67 MP: 0/35
    13 | D        | Noticed a bag of meat
    13 | D        | Noticed a meat berserker
    13 | D        | Noticed a meat berserker
    13 | D        | Noticed a bag of meat
    13 | D        | Killed a bag of meat
    13 | D        | Reached skill level 18 in Stealth
    13 | D        | Reached skill level 10 in Unarmed Combat
    13 | D        | Killed a bag of meat
    13 | D        | Acquired Makhleb's second power
    13 | D        | Reached skill level 15 in Axes
    13 | D        | Reached skill level 10 in Armour
    13 | D        | Reached skill level 19 in Stealth
    13 | D        | Reached skill level 15 in Spellcasting
    13 | D        | Reached XP level 14. HP: 72/74 MP: 0/37
    14 | D        | Noticed a bag of meat
    14 | D        | Killed a meat berserker
    14 | D        | Reached skill level 20 in Stealth
    15 | D        | Noticed a meat berserker
    15 | D        | Noticed a bag of meat
    15 | D        | Noticed a bag of meat
    15 | D        | Noticed a meat berserker
    15 | D        | Killed a bag of meat
    15 | D        | Reached skill level 15 in Short Blades
    15 | D        | Reached skill level 15 in Throwing
    15 | D        | Reached XP level 15. HP: 75/79 MP: 1/38
    16 | D        | Noticed a bag of meat
    16 | D        | Noticed a bag of meat
    16 | D        | Killed a meat berserker
    16 | D        | Acquired Makhleb's third power
    16 | D        | Reached skill level 21 in Stealth
    16 | D        | Killed a meat berserker
    16 | D        | Reached skill level 22 in Stealth
    16 | D        | Killed a meat berserker
    17 | D        | Noticed a meat berserker
    17 | D        | Noticed a bag of meat
    17 | D        | Killed a bag of meat
    17 | D        | Acquired Makhleb's fourth power
    17 | D        | Reached skill level 23 in Stealth
    17 | D        | Reached XP level 16. HP: 87/87 MP: 1/40
    18 | D        | Noticed a meat berserker
    19 | D        | Killed a meat berserker
    19 | D        | Killed a meat berserker
    19 | D        | Reached skill level 24 in Stealth
    20 | D        | Noticed a meat berserker
    20 | D        | Killed a meat berserker
    21 | D        | Noticed a meat berserker
    21 | D        | Noticed a meat berserker
    21 | D        | Killed a bag of meat
    21 | D        | Acquired Makhleb's fifth power
    21 | D        | Reached skill level 15 in Fighting
    21 | D        | Reached skill level 25 in Stealth
    21 | D        | Reached skill level 15 in Unarmed Combat
    21 | D        | Reached XP level 17. HP: 92/94 MP: 2/42
    21 | D        | Killed a bag of meat
    22 | D        | Noticed a meat berserker
    22 | D        | Killed a meat berserker
    22 | D        | Reached skill level 26 in Stealth
    23 | D        | Killed a bag of meat
    23 | D        | Killed a bag of meat
    23 | D        | Reached skill level 15 in Armour
    23 | D        | Reached skill level 27 in Stealth
    24 | D        | Killed a bag of meat
    24 | D        | Reached XP level 18. HP: 100/102 MP: 3/44
    24 | D        | Killed a meat berserker
    25 | D        | Noticed a meat berserker
    25 | D        | Killed a meat berserker
    25 | D        | Killed a bag of meat
    26 | D        | Killed a bag of meat
    26 | D        | Reached skill level 27 in Dodging
    28 | D        | Noticed a bag of meat
    29 | D        | Noticed a meat berserker
    30 | D        | Noticed a large bag of meat
    31 | D        | Noticed a large bag of meat
    32 | D        | Noticed The Servant
    32 | D        | Noticed a meat berserker
    33 | D        | Noticed a bag of meat
    33 | D        | Noticed a bag of meat
    34 | D        | Noticed a meat berserker
    34 | D        | Noticed a bag of meat
    34 | D        | Noticed a large bag of meat
    35 | D        | Noticed a sculptor of flesh
    36 | D        | Killed a large bag of meat
    36 | D        | Killed a bag of meat
    36 | D        | Reached XP level 19. HP: 109/109 MP: 5/45
    38 | D        | Noticed a destroyer
    38 | D        | Killed a meat berserker
    40 | D        | Killed a large bag of meat
    41 | D        | Killed a meat berserker
    41 | D        | Killed a sculptor of flesh
    42 | D        | Killed a meat berserker
    42 | D        | Killed a bag of meat
    43 | D        | Killed a bag of meat
    43 | D        | Reached XP level 20. HP: 117/119 MP: 6/47
    44 | D        | Noticed a destroyer
    44 | D        | Noticed a sculptor of flesh
    44 | D        | Killed a meat berserker
    44 | D        | Reached skill level 27 in Axes
    44 | D        | Reached skill level 27 in Spellcasting
    45 | D        | Killed a meat berserker
    47 | D        | Killed a destroyer
    50 | D        | Killed a destroyer
    51 | D        | Noticed a meat berserker
    51 | D        | Killed a meat berserker
    51 | D        | Reached skill level 27 in Short Blades
    51 | D        | Reached skill level 27 in Throwing
    53 | D        | Noticed a destroyer
    53 | D        | Noticed a bag of meat
    54 | D        | Noticed a sculptor of flesh
    58 | D        | Killed a meat berserker
    59 | D        | Noticed a meat berserker
    59 | D        | Killed a sculptor of flesh
    59 | D        | Reached XP level 21. HP: 128/130 MP: 9/48
    63 | D        | Noticed a dread
    64 | D        | Noticed an accursed
    67 | D        | Noticed a large bag of meat
    71 | D        | Killed a meat berserker
    74 | D        | Noticed a meat beast
    75 | D        | Killed a bag of meat
    76 | D        | Noticed a meat berserker
    77 | D        | Killed a meat beast
    78 | D        | Noticed a dread
    82 | D        | Mangled by a meat berserker

Action                   |  1- 3 |  4- 6 |  7- 9 | 10-12 | 13-15 | 16-18 | 19-21 || total
-------------------------+-------+-------+-------+-------+-------+-------+-------++-------
Melee: Broad axe         |     1 |       |       |     2 |     5 |     9 |    17 ||    34
